 Dungeon Crawl Stone Soup version 0.23.2-33-g5129a83184 (webtiles) character file.

Game seed: 11553059859258676550

24 troglodite the Charmwright (level 3, -1/31 HPs)
             Began as a Gnoll Skald on July 6, 2019.
             Slain by a gnoll
             ... wielding a +0 club
              (5 damage)
             ... on level 3 of the Dungeon on July 8, 2019.
             The game lasted 00:04:10 (1117 turns).

troglodite the Charmwright (Gnoll Skald)            Turns: 1117, Time: 00:04:10

Health: -1/31      AC:  3    Str: 13    XL:     3   Next: 2%
Magic:  9/9        EV: 14    Int: 16    God:
Gold:   108        SH:  0    Dex: 14    Spells: 10/11 levels left

rFire    . . .     SeeInvis .   a - +0 spear
rCold    . . .     Gourm    .   (no shield)
rNeg     . . .     Faith    .   b - +0 leather armour
rPois    .         Spirit   .   (no helmet)
rElec    .         Reflect  .   (no cloak)
rCorr    .         Harm     .   (no gloves)
MR       .....                  (no boots)
Stlth    +.........             (no amulet)
HPRegen  0.10/turn              (no ring)
MPRegen  0.11/turn              (no ring)

@: no status effects
A: distributed training, fangs 1, strong nose
a: no special abilities


You were on level 3 of the Dungeon.
You were hungry.

You visited 1 branch of the dungeon, and saw 3 of its levels.

You collected 108 gold pieces.

Inventory:

Hand Weapons
 a - a +0 spear (weapon)
Armour
 b - a +0 leather armour (worn)
Scrolls
 c - 2 scrolls of identify {unknown}
 f - a scroll of enchant weapon {unknown}
 i - 2 scrolls of remove curse {unknown}
 j - a scroll of teleportation {unknown}
Potions
 e - 3 potions of might {unknown}
 g - 2 potions of curing {unknown}
 h - a potion of agility {unknown}
Comestibles
 d - 6 rations
 k - 2 chunks of flesh


   Skills:
 + Level 4.5 Fighting
 + Level 0.5 Short Blades
 + Level 0.5 Long Blades
 + Level 0.5 Axes
 + Level 0.5 Maces & Flails
 + Level 4.5 Polearms
 + Level 0.5 Staves
 + Level 0.5 Slings
 + Level 0.5 Bows
 + Level 0.5 Crossbows
 + Level 0.5 Throwing
 + Level 2.5 Armour
 + Level 4.5 Dodging
 + Level 0.5 Stealth
 + Level 0.5 Shields
 + Level 0.5 Unarmed Combat
 + Level 4.9 Spellcasting
 + Level 0.4 Conjurations
 + Level 0.4 Hexes
 + Level 5.4 Charms
 + Level 0.4 Summonings
 + Level 0.4 Necromancy
 + Level 0.4 Translocations
 + Level 0.4 Transmutations
 + Level 0.4 Fire Magic
 + Level 0.4 Ice Magic
 + Level 0.4 Air Magic
 + Level 0.4 Earth Magic
 + Level 0.4 Poison Magic
 + Level 0.7 Invocations
 + Level 0.5 Evocations


You had 10 spell levels left.
You knew the following spells:

 Your Spells              Type           Power        Failure   Level  Hunger
a - Infusion              Chrm           ###.         2%          1    None

Your spell library contained the following spells:

 Spells                   Type           Power        Failure   Level  Hunger
 Song of Slaying          Chrm           ###.....     3%          2    ##.....
 Shroud of Golubria       Chrm/Tloc      ##........   9%          2    ##.....
 Regeneration             Chrm/Necr      ##........   19%         3    ###....
 Spectral Weapon          Hex/Chrm       ##......     19%         3    ###....


Dungeon Overview and Level Annotations

Branches:
Dungeon (3/15)

Altars:


Innate Abilities, Weirdness & Mutations

Your experience applies equally to all skills.
You have very sharp teeth.
Your uncanny sense of smell can sniff out nearby items.


Message History

Aim: a gnoll, wielding a +0 club You reach to attack!
You hit the gnoll but do no damage. You barely miss the gnoll.
You bite the gnoll, but do no damage. The gnoll barely misses you.
You closely miss the gnoll. The gnoll hits you with a +0 club.
You closely miss the gnoll. You hit the gnoll.
The gnoll is lightly wounded.
The gnoll misses you.
You hit the gnoll but do no damage.
The gnoll is lightly wounded.
The gnoll hits you with a +0 club!
You hit the gnoll but do no damage. Your bite misses the gnoll.
The gnoll is lightly wounded.
The gnoll hits you with a +0 club!
* * * LOW HITPOINT WARNING * * *
You hit the gnoll.
The gnoll is moderately wounded.
The gnoll hits you with a +0 club.
You die...

#######......
#..........#
#...<......#
#..........#
#..........#
#$...g.....#
. #g# .. #g#
## .## #@##
.# ...# #..##
##.#..#.#
##..#
#........
##.#
##.###....
#.# ##..# .
#.# #..## #.#
#.## #.# #.#
∆ #.# #.#


You could see 3 gnolls.

Vanquished Creatures
  A gnoll (D:3)
  A worm (D:2)
  A bat (D:2)
  A giant cockroach (D:1)
  3 hobgoblins (D:1)
  6 rats
13 creatures vanquished.

Notes
Turn   | Place    | Note
-------+----------+-------------------------------------------
     0 | D:1      | troglodite the Gnoll Skald began the quest for the Orb.
     0 | D:1      | Reached XP level 1. HP: 20/20 MP: 6/6
   574 | D:1      | Reached XP level 2. HP: 26/26 MP: 7/7
  1073 | D:2      | You fall through a shaft!
  1109 | D:3      | Reached XP level 3. HP: 25/31 MP: 9/9
  1117 | D:3      | Slain by a gnoll

Action                   || total
-------------------------++-------
Melee: Spear             ||    68
       Bite              ||     9
Armor: Leather armour    ||     4
Dodge: Dodged            ||    36
